 Dungeon Crawl Stone Soup version 0.19-a0-996-g3cba913 (webtiles) character file.

93 Dekamerus the Shield-Bearer (level 4, -1/40 HPs)
             Began as a Minotaur Fighter on July 17, 2016.
             Was an Initiate of Okawaru.
             Slain by an orc priest
             ... wielding a +0 dagger
              (2 damage)
             ... on level 3 of the Dungeon.
             The game lasted 00:04:10 (1946 turns).

Dekamerus the Shield-Bearer (Minotaur Fighter)      Turns: 1946, Time: 00:04:10

Health: -1/40      AC: 10    Str: 21    XL:     4   Next: 37%
Magic:  3/3        EV:  6    Int:  5    God:    Okawaru [......]
Gold:   230        SH:  0    Dex: 14    Spells: 0 memorised, 4 levels left

rFire  . . .     SeeInvis .     a - +0 war axe
rCold  . . .     Gourm    .     n - +0 chain mail (curse)
rNeg   . . .     Faith    .     c - +0 shield
rPois  .         Spirit   .     (helmet restricted)
rElec  .         Dismiss  .     h - +0 cloak
rCorr  .         Reflect  .     (no gloves)
SustAt .         Harm     .     (no boots)
MR     .....                    (no amulet)
Stlth  ..........               (no ring)
                                p - +4 ring of dexterity

@: confused, not resistant to hostile enchantments, extremely unstealthy
A: retaliatory headbutt, horns 2
a: Renounce Religion


You were on level 3 of the Dungeon.
You worshipped Okawaru.
Okawaru was noncommittal.
You were not hungry.

You visited 1 branch of the dungeon, and saw 3 of its levels.

You collected 230 gold pieces.

Inventory:

Hand Weapons
 a - a +0 war axe (weapon)
 w - a +1 morningstar of flaming
Armour
 c - a +0 shield (worn)
 h - a +0 cloak (worn)
 n - a cursed +0 chain mail (worn)
Jewellery
 p - a +4 ring of dexterity (left hand)
Scrolls
 e - a scroll of random uselessness {unknown}
 i - a scroll of remove curse {unknown}
 j - a scroll of magic mapping {unknown}
 k - a scroll of enchant armour {unknown}
 l - 2 scrolls of blinking {unknown}
 o - a scroll of fear {unknown}
 r - 2 scrolls of teleportation {unknown}
 u - a scroll of identify {unknown}
Potions
 b - a potion of lignification {unknown}
 d - a potion of might
 g - a potion of curing {unknown}
 m - a potion of agility {unknown}
 t - a potion of brilliance {unknown}
 x - a potion of invisibility {unknown}
Comestibles
 f - 3 bread rations
 q - a slice of pizza
 s - a beef jerky
 v - 2 chunks of flesh


   Skills:
 + Level 4.1 Fighting
 * Level 3.6 Axes
 + Level 3.9 Armour
 + Level 1.4 Dodging
 + Level 4.3 Shields
 + Level 0.5 Spellcasting


You had 4 spell levels left.
You didn't know any spells.

Dungeon Overview and Level Annotations

Branches:
Dungeon (3/15)

Altars:
Hepliaklqana
Nemelex Xobeh
Okawaru


Innate Abilities, Weirdness & Mutations

You reflexively headbutt those who attack you in melee.
You have a pair of horns on your head.


Message History

You are too confused!
Unknown command.
You are too confused!
Unknown command.
You are too confused!
You barely miss the orc priest. You headbutt the orc priest.
The orc priest is heavily wounded.
You closely miss the orc. You completely miss something.
The orc barely misses you. The orc priest hits you with a dagger.
Something hits you but does no damage.
Unknown command.
You bump into the rock wall.
The orc priest mumbles some strange prayers to Beogh against you.
Beogh smites you!
* * * LOW HITPOINT WARNING * * *
Something hits you but does no damage. The orc hits you with a flail.
* * * LOW HITPOINT WARNING * * *
Unknown command.
You're too confused to move!
The orc priest hits you with a dagger.
You die...

...[....................#
.......<.##.(...#########
............#####
..)......#...## #######
########...#..######......
##...#...รท..#......
##......##........
########.####.####......
......o@{......# #......
#...#..o######## #......
.?....... #......
.......... #......
..........# #......
..........# ####.##
......$..## #.# #.......<.
#.## #..#


You could see an orc priest and an orc.

Vanquished Creatures
  3 adders (D:2)
  2 oozes
  2 worms
  A giant gecko (D:1)
  2 orcs (D:3)
  3 giant cockroaches
  5 goblins
  7 hobgoblins
  6 jackals (D:2)
  2 ball pythons
  4 bats
  2 giant newts (D:2)
  2 kobolds
  9 rats
50 creatures vanquished.

Notes
Turn   | Place    | Note
-------+----------+-------------------------------------------
     0 | D:1      | Dekamerus the Minotaur Fighter began the quest for the Orb.
     0 | D:1      | Reached XP level 1. HP: 19/19 MP: 0/0
   154 | D:1      | Reached XP level 2. HP: 27/27 MP: 1/1
   756 | D:1      | Found a sparkling altar of Nemelex Xobeh.
   834 | D:2      | Reached XP level 3. HP: 33/33 MP: 2/2
   836 | D:2      | Reached skill level 1 in Dodging
  1202 | D:2      | Found a hazy altar of Hepliaklqana.
  1585 | D:2      | Reached XP level 4. HP: 39/40 MP: 3/3
  1705 | D:2      | Found an iron altar of Okawaru.
  1804 | D:2      | Became a worshipper of Warmaster Okawaru
  1945 | D:3      | HP: 2/40 [orc priest/divine providence (16)]
  1946 | D:3      | Slain by an orc priest

Vault maps used:
D:1:      lightli_arrival_isolated_outpost, minmay_crystal_room,
          nemelex_diamond_rough_becter
D:2:      minmay_wonky_spiral, lemuel_round_altar, okawaru_gym_becter
D:3:      grunt_gozag_breadcrumbs, kennysheep_generic_room_8

Skill      XL: |  1  2  3 |
---------------+----------+-----
Axes           | 3 |  3.6
Dodging        | 1 |  1.4
Shields        | 4 |  4.3
Fighting       | 4 |  4.1
Armour         | |  3.9
Spellcasting   | |  0.5

Action                   |  1- 3 |  4- 6 || total
-------------------------+-------+-------++-------
Melee: War axe           |    81 |    22 ||   103
       Headbutt          |    11 |     2 ||    13
  Eat: Chunk             |     2 |     1 ||     3
Armor: Scale mail        |     9 |       ||     9
       Chain mail        |    23 |    22 ||    45
Dodge: Dodged            |    22 |     6 ||    28
Block: Shield            |    38 |    17 ||    55
